 Dungeon Crawl Stone Soup version 0.21.1-1-g345015fe64 (webtiles) character file.

215 LevaFresel the Covered (level 6, -8/48 HPs)
             Began as a Human Fighter on June 9, 2018.
             Mangled by Menkaure (19 damage)
             ... on level 4 of the Dungeon.
             The game lasted 00:07:30 (2646 turns).

LevaFresel the Covered (Human Fighter)              Turns: 2646, Time: 00:07:33

Health: -8/48      AC:  7    Str: 19    XL:     6   Next: 15%
Magic:  6/6        EV:  8    Int:  8    God:
Gold:   90         SH:  9    Dex: 12    Spells: 5/5 levels left

rFire    . . .     SeeInvis .   a - +0 long sword
rCold    . . .     Gourm    .   c - +0 shield
rNeg     . . .     Faith    .   b - +0 scale mail
rPois    .         Spirit   .   (no helmet)
rElec    .         Reflect  .   (no cloak)
rCorr    .         Harm     .   (no gloves)
MR       .....                  (no boots)
Stlth    ..........             (no amulet)
HPRegen  0.16/turn              (no ring)
MPRegen  0.10/turn              (no ring)

@: no status effects
A: no striking features
a: no special abilities


You were on level 4 of the Dungeon.
You were not hungry.

You visited 1 branch of the dungeon, and saw 4 of its levels.

You collected 90 gold pieces.

Inventory:

Hand Weapons
 a - a +0 long sword (weapon)
Missiles
 g - a throwing net (quivered)
Armour
 b - a +0 scale mail (worn)
 c - a +0 shield (worn)
Jewellery
 h - an uncursed amulet of faith {unknown}
Scrolls
 i - 2 scrolls of remove curse {unknown}
 j - a scroll of random uselessness {unknown}
 k - 4 scrolls of magic mapping {unknown}
 o - 2 scrolls of identify {unknown}
 p - a scroll of teleportation {unknown}
Potions
 d - 2 potions of curing {unknown}
 e - a potion of degeneration {unknown}
 l - a potion of flight {unknown}
 m - a potion of brilliance {unknown}
 n - a potion of berserk rage {unknown}
 q - a potion of heal wounds {unknown}
Comestibles
 f - a ration


   Skills:
 + Level 3.7 Fighting
 * Level 3.7 Long Blades
 + Level 3.7 Armour
 + Level 2.0 Dodging
 + Level 3.6 Shields


You had 5 spell levels left.
You didn't know any spells.

Dungeon Overview and Level Annotations

Branches:
Dungeon (4/15)
 Temple: D:4-7

Altars:
Elyvilon

Annotations:
D:4 Menkaure


Message History

You block Menkaure's attack.
Your shield and scale mail prevent you from hitting Menkaure.
Menkaure is severely damaged.
The hound bites you but does no damage.
Menkaure points at you and mumbles some strange words.
You barely resist. The hound bites you but does no damage.
You hit Menkaure.
Menkaure is almost destroyed.
Menkaure calls on the powers of darkness!
Your body is wracked with pain!
The hound convulses!
You block the hound's attack. Menkaure hits you!
* * * LOW HITPOINT WARNING * * *
The hound bites you but does no damage.
You hit Menkaure but do no damage.
Menkaure is almost destroyed.
The hound barely misses you.
You riposte.
You closely miss the hound.
The hound is heavily wounded.
Menkaure giggles, "These cerements are ticklish..."
Menkaure hits you!!
You die...

.# .. .. #. #.
#. #h#########
#.@<......#
#.....M#######..
######. #. #. #.
#. ##


You could see Menkaure and a hound.

Vanquished Creatures
  A sky beast (D:3)
  Terence (D:3)
  4 adders
  An ooze (D:2)
  A worm (D:2)
  3 dart slugs (D:1)
  A leopard gecko (D:2)
  9 bats
  A giant cockroach (D:3)
  4 goblins
  5 hobgoblins
  3 jackals (D:2)
  6 kobolds
  A quokka (D:2)
  2 ball pythons (D:2)
  5 frilled lizards
  A quokka skeleton (D:3)
  3 rats (D:1)
52 creatures vanquished.

Notes
Turn   | Place    | Note
-------+----------+-------------------------------------------
     0 | D:1      | LevaFresel the Human Fighter began the quest for the Orb.
     0 | D:1      | Reached XP level 1. HP: 18/18 MP: 1/1
   166 | D:1      | Reached XP level 2. HP: 20/24 MP: 2/2
   487 | D:1      | Reached XP level 3. HP: 27/29 MP: 3/3
   716 | D:2      | Reached skill level 1 in Dodging
  1016 | D:2      | Reached XP level 4. HP: 35/35 MP: 4/4
  1080 | D:2      | Found a white marble altar of Elyvilon.
  2018 | D:3      | Noticed a sky beast
  2030 | D:3      | Killed a sky beast
  2030 | D:3      | Reached XP level 5. HP: 5/41 MP: 5/5
  2527 | D:3      | Noticed Terence
  2541 | D:3      | Killed Terence
  2541 | D:3      | Reached XP level 6. HP: 45/48 MP: 6/6
  2639 | D:4      | Noticed Menkaure
  2646 | D:4      | Mangled by Menkaure

Skill      XL: |  1  2  3  4  5 |
---------------+----------------+-----
Dodging        | 1 2 |  2.0
Long Blades    | 3 |  3.7
Fighting       | |  3.7
Armour         | |  3.7
Shields        | |  3.6

Action                   |  1- 3 |  4- 6 || total
-------------------------+-------+-------++-------
Melee: Long sword        |   106 |   133 ||   239
  Use: Potion            |       |     1 ||     1
  Eat: Chunk             |       |     2 ||     2
       Ration            |       |     2 ||     2
Armor: Scale mail        |    76 |    70 ||   146
Dodge: Dodged            |    37 |    31 ||    68
Block: Shield            |    86 |    63 ||   149
       Rpst.: Long sword |    12 |    12 ||    24
